[ AOE2 MATCH · #507377336 ]
UnrankedTurks vs Georgians
Player's team · WIN
Rival team · LOSS
[ REPLAY ANALYSIS · EXTRACTED FROM THE RECORDED GAME ]
Feudal
8:51
Castle
22:44
Imperial
42:01
| APM avg | 67.0 |
| APM peak | 104 |
| eAPM avg | 33.0 |
| Villagers / military | 175 / 137 |
Focus
⚔️ 38.2% · 🌾 61.8%
Scout Cavalry ×57 · Cavalry Archer ×34 · Archer ×29 · Mangonel ×13 · Trebuchet (Packed) ×4
Feudal
11:30
Castle
19:39
Imperial
—
| APM avg | 81.2 |
| APM peak | 138 |
| eAPM avg | 49.0 |
| Villagers / military | 140 / 137 |
Focus
⚔️ 65.2% · 🌾 34.8%
Scout Cavalry ×48 · Cavalry Archer ×42 · Skirmisher ×36 · Mangonel ×4 · Militia ×3 · Monk ×2
Match map
Initial resources + every placement click. Lines = walls · curves = elevation contours. ◆ gold · ⬟ stone · ● berries · ✦ relic · ◌ wall gap
Your base· Open — opponent sealed themselves in
Pedro's base· ✓ Closed at 19:39 · 53t walls · no gate
Smoothed initial terrain · ◌ = detected wall gap · hover for details
Inputs per minute
— _TieuQuy - - Pedro
Build order — _TieuQuy
First 150 of 455 actions detected
| 0:01 | Queue | Villager (Male) |
| 0:01 | Queue | Villager (Male) |
| 0:02 | Build | House |
| 0:03 | Build | House |
| 0:10 | Queue | Villager (Male) |
| 0:10 | Queue | Villager (Male) |
| 0:11 | Queue | Villager (Male) |
| 0:11 | Queue | Villager (Male) |
| 1:24 | Queue | Villager (Male) |
| 2:02 | Build | Lumber Camp |
| 2:02 | Queue | Villager (Male) |
| 2:02 | Queue | Villager (Male) |
| 2:18 | Queue | Villager (Male) |
| 2:19 | Queue | Villager (Male) |
| 2:41 | Queue | Villager (Male) |
| 3:08 | Queue | Villager (Male) |
| 3:29 | Queue | Villager (Male) |
| 4:06 | Queue | Villager (Male) |
| 4:06 | Queue | Villager (Male) |
| 4:06 | Queue | Villager (Male) |
| 4:06 | Queue | Villager (Male) |
| 4:14 | Build | House |
| 4:34 | Build | Palisade Wall |
| 4:44 | Queue | Villager (Male) |
| 5:47 | Queue | Villager (Male) |
| 5:49 | Research | Loom |
| 5:49 | Research | Loom |
| 6:01 | Build | Mill |
| 6:16 | Build | Palisade Wall |
| 6:18 | Build | Palisade Wall |
| 6:39 | Research | Feudal Age |
| 6:39 | Research | Feudal Age |
| 7:31 | Build | House |
| 7:50 | Build | Barracks |
| 8:09 | Build | Palisade Wall |
| 8:12 | Build | Palisade Wall |
| 8:15 | Build | Palisade Wall |
| 8:22 | Build | Palisade Wall |
| 8:24 | Queue | Villager (Male) |
| 8:51 | Age | Feudal Age |
| 9:07 | Queue | Villager (Male) |
| 9:16 | Build | Stable |
| 9:25 | Research | Double-Bit Axe |
| 9:37 | Build | House |
| 9:40 | Queue | Villager (Male) |
| 9:50 | Build | Palisade Wall |
| 9:56 | Build | Palisade Wall |
| 9:56 | Build | Palisade Wall |
| 9:59 | Queue | Scout Cavalry |
| 10:00 | Queue | Scout Cavalry |
| 10:02 | Queue | Villager (Male) |
| 10:10 | Build | Palisade Wall |
| 10:24 | Queue | Villager (Male) |
| 10:34 | Build | Farm |
| 10:44 | Build | Farm |
| 10:49 | Queue | Scout Cavalry |
| 10:52 | Build | House |
| 10:57 | Queue | Villager (Male) |
| 10:57 | Queue | Villager (Male) |
| 10:59 | Build | Farm |
| 11:05 | Research | Horse Collar |
| 11:06 | Research | Horse Collar |
| 11:06 | Research | Horse Collar |
| 11:22 | Queue | Villager (Male) |
| 11:25 | Build | Farm |
| 11:35 | Queue | Villager (Male) |
| 11:55 | Queue | Villager (Male) |
| 12:13 | Build | House |
| 12:17 | Queue | Villager (Male) |
| 12:20 | Build | Archery Range |
| 12:28 | Queue | Villager (Male) |
| 12:29 | Build | House |
| 12:31 | Queue | Scout Cavalry |
| 12:56 | Build | Mining Camp |
| 13:02 | Queue | Scout Cavalry |
| 13:05 | Queue | Archer |
| 13:05 | Queue | Archer |
| 13:09 | Queue | Scout Cavalry |
| 13:13 | Build | House |
| 13:14 | Queue | Villager (Male) |
| 13:39 | Queue | Villager (Male) |
| 13:40 | Build | Farm |
| 13:46 | Build | Palisade Wall |
| 13:52 | Build | Farm |
| 13:53 | Queue | Archer |
| 13:57 | Build | House |
| 14:11 | Queue | Villager (Male) |
| 14:13 | Build | Farm |
| 14:26 | Queue | Villager (Male) |
| 14:28 | Queue | Archer |
| 14:33 | Build | House |
| 14:52 | Queue | Villager (Male) |
| 14:56 | Build | Blacksmith |
| 15:00 | Queue | Archer |
| 15:00 | Queue | Archer |
| 15:00 | Queue | Archer |
| 15:29 | Queue | Villager (Male) |
| 15:31 | Build | Farm |
| 15:32 | Queue | Archer |
| 15:44 | Build | Lumber Camp |
| 15:44 | Research | Fletching |
| 15:45 | Research | Fletching |
| 15:46 | Queue | Villager (Male) |
| 15:51 | Queue | Archer |
| 15:54 | Build | House |
| 16:20 | Queue | Villager (Male) |
| 16:21 | Build | Farm |
| 16:31 | Queue | Archer |
| 16:34 | Build | Farm |
| 16:34 | Queue | Villager (Male) |
| 16:54 | Queue | Archer |
| 17:05 | Build | House |
| 17:05 | Build | Palisade Wall |
| 17:10 | Build | Farm |
| 17:10 | Queue | Villager (Male) |
| 17:21 | Queue | Villager (Male) |
| 17:23 | Build | Farm |
| 17:43 | Build | Farm |
| 17:44 | Build | House |
| 17:50 | Queue | Villager (Male) |
| 17:53 | Build | Farm |
| 18:06 | Queue | Villager (Male) |
| 18:22 | Queue | Archer |
| 18:53 | Build | Farm |
| 18:55 | Queue | Villager (Male) |
| 19:06 | Queue | Villager (Male) |
| 19:09 | Build | House |
| 19:19 | Queue | Archer |
| 19:27 | Queue | Archer |
| 19:52 | Build | Farm |
| 20:04 | Research | Castle Age |
| 20:04 | Research | Castle Age |
| 20:08 | Build | Palisade Wall |
| 20:15 | Build | Palisade Gate |
| 20:17 | Build | Palisade Wall |
| 20:23 | Queue | Archer |
| 20:44 | Build | Archery Range |
| 20:47 | Build | House |
| 20:55 | Build | Palisade Wall |
| 21:00 | Build | Palisade Wall |
| 21:10 | Research | Gold Mining |
| 21:11 | Research | Gold Mining |
| 21:18 | Research | Padded Archer Armor |
| 21:18 | Research | Padded Archer Armor |
| 21:19 | Queue | Archer |
| 21:20 | Queue | Archer |
| 21:37 | Queue | Archer |
| 21:51 | Queue | Archer |
| 21:51 | Queue | Archer |
| 22:17 | Build | House |
Build order — Pedro
First 150 of 465 actions detected
| 0:01 | Queue | Villager (Male) ×4 |
| 0:02 | Build | House |
| 0:03 | Build | House |
| 1:27 | Queue | Villager (Male) |
| 1:27 | Queue | Villager (Male) |
| 2:00 | Queue | Villager (Male) |
| 2:01 | Queue | Villager (Male) |
| 2:14 | Queue | Villager (Male) |
| 2:53 | Queue | Villager (Male) |
| 2:54 | Queue | Villager (Male) |
| 3:01 | Queue | Villager (Male) |
| 3:01 | Queue | Villager (Male) |
| 3:33 | Build | House |
| 3:46 | Queue | Villager (Male) |
| 3:47 | Queue | Villager (Male) |
| 3:58 | Build | House |
| 4:11 | Queue | Villager (Male) |
| 4:11 | Queue | Villager (Male) |
| 4:33 | Build | Palisade Wall |
| 4:39 | Queue | Villager (Male) |
| 4:39 | Queue | Villager (Male) |
| 4:54 | Build | Barracks |
| 5:04 | Queue | Villager (Male) |
| 5:26 | Queue | Villager (Male) |
| 5:36 | Queue | Villager (Male) |
| 5:37 | Queue | Villager (Male) |
| 5:47 | Build | House |
| 6:18 | Queue | Militia |
| 6:18 | Queue | Militia |
| 6:20 | Queue | Militia |
| 6:30 | Build | Mule Cart |
| 6:34 | Queue | Villager (Male) |
| 6:46 | Build | Palisade Wall |
| 6:48 | Build | Palisade Wall |
| 6:49 | Build | Palisade Wall |
| 6:52 | Build | Palisade Wall |
| 6:59 | Queue | Villager (Male) |
| 7:36 | Queue | Villager (Male) |
| 7:38 | Build | Mill |
| 7:53 | Queue | Villager (Male) |
| 7:58 | Queue | Villager (Male) |
| 7:59 | Research | Loom |
| 7:59 | Research | Loom |
| 8:03 | Build | Palisade Wall |
| 8:13 | Build | House |
| 8:14 | Build | House |
| 9:03 | Build | Palisade Wall |
| 9:10 | Build | Palisade Wall |
| 9:18 | Queue | Villager (Male) |
| 9:20 | Research | Feudal Age |
| 9:20 | Research | Feudal Age |
| 10:10 | Build | House |
| 10:11 | Build | Palisade Wall |
| 10:32 | Build | Palisade Wall |
| 10:44 | Build | Palisade Wall |
| 10:58 | Queue | Villager (Male) |
| 10:58 | Queue | Villager (Male) |
| 11:02 | Build | Farm |
| 11:03 | Build | Farm |
| 11:06 | Build | Farm |
| 11:08 | Build | Farm |
| 11:09 | Build | Farm |
| 11:30 | Age | Feudal Age |
| 11:32 | Research | Man-at-Arms (upgrade) |
| 11:33 | Research | Man-at-Arms (upgrade) |
| 11:33 | Queue | Spearman |
| 12:01 | Build | Farm |
| 12:21 | Queue | Villager (Male) |
| 12:23 | Research | Double-Bit Axe |
| 12:23 | Research | Double-Bit Axe |
| 12:32 | Queue | Villager (Male) |
| 12:59 | Queue | Villager (Male) |
| 13:16 | Build | Archery Range |
| 13:21 | Queue | Villager (Male) |
| 13:47 | Queue | Villager (Male) |
| 13:48 | Build | Farm |
| 13:49 | Build | Farm |
| 14:13 | Queue | Villager (Male) |
| 14:16 | Build | Farm |
| 14:34 | Queue | Skirmisher |
| 14:37 | Build | Farm |
| 14:45 | Queue | Villager (Male) |
| 14:58 | Queue | Villager (Male) |
| 15:11 | Build | House |
| 15:13 | Build | Palisade Wall |
| 15:20 | Build | Mule Cart |
| 15:24 | Build | Market |
| 15:27 | Queue | Villager (Male) |
| 15:40 | Build | Mule Cart |
| 15:53 | Build | House |
| 16:04 | Queue | Villager (Male) |
| 16:38 | Build | Blacksmith |
| 16:40 | Build | House |
| 16:50 | Build | House |
| 16:52 | Build | House |
| 16:54 | Build | Stone Wall |
| 16:59 | Research | Castle Age |
| 17:10 | Build | Archery Range |
| 17:13 | Queue | Villager (Male) |
| 17:21 | Build | House |
| 17:21 | Build | House |
| 17:30 | Queue | Archer |
| 17:36 | Queue | Skirmisher |
| 17:44 | Queue | Skirmisher |
| 17:45 | Queue | Skirmisher |
| 17:55 | Queue | Skirmisher |
| 18:05 | Build | Market |
| 18:11 | Research | Fletching |
| 18:11 | Research | Fletching |
| 18:11 | Research | Fletching |
| 18:58 | Build | House |
| 18:58 | Build | House |
| 18:59 | Build | House |
| 19:05 | Build | Archery Range |
| 19:13 | Build | House |
| 19:39 | Age | Castle Age |
| 19:42 | Queue | Cavalry Archer |
| 19:42 | Queue | Cavalry Archer |
| 19:42 | Queue | Cavalry Archer |
| 19:47 | Research | Bodkin Arrow |
| 19:47 | Research | Bodkin Arrow |
| 19:47 | Queue | Villager (Male) |
| 19:48 | Queue | Villager (Male) |
| 20:12 | Build | University |
| 20:16 | Queue | Cavalry Archer |
| 20:17 | Queue | Cavalry Archer |
| 20:17 | Queue | Cavalry Archer |
| 20:35 | Research | Padded Archer Armor |
| 20:47 | Queue | Cavalry Archer |
| 20:48 | Queue | Cavalry Archer |
| 20:48 | Queue | Villager (Male) |
| 20:49 | Queue | Villager (Male) |
| 21:20 | Research | Ballistics |
| 21:21 | Research | Ballistics |
| 21:22 | Queue | Cavalry Archer |
| 21:22 | Queue | Cavalry Archer |
| 21:43 | Queue | Cavalry Archer |
| 21:44 | Queue | Cavalry Archer |
| 21:45 | Queue | Villager (Male) |
| 21:45 | Queue | Villager (Male) |
| 21:55 | Build | House |
| 22:22 | Queue | Cavalry Archer |
| 22:22 | Queue | Cavalry Archer |
| 22:30 | Queue | Cavalry Archer |
| 22:31 | Queue | Cavalry Archer |
| 22:31 | Queue | Villager (Male) |
| 22:31 | Queue | Villager (Male) |
| 22:35 | Build | Farm |
| 22:36 | Build | Farm |
| 22:36 | Build | Farm |
Match timeline
| 4:33 | Pedro · wall_segment Palisade Wall x1 |
| 4:34 | _TieuQuy · wall_segment Palisade Wall x9 |
| 4:54 | Pedro · first_building Barracks |
| 6:16 | _TieuQuy · wall_segment Palisade Wall x3 |
| 6:18 | _TieuQuy · wall_segment Palisade Wall x8 |
| 6:46 | Pedro · wall_segment Palisade Wall x4 |
| 6:48 | Pedro · wall_segment Palisade Wall x1 |
| 6:49 | Pedro · wall_segment Palisade Wall x1 |
| 6:52 | Pedro · wall_segment Palisade Wall x3 |
| 7:50 | _TieuQuy · first_building Barracks |
| 8:03 | Pedro · wall_segment Palisade Wall x9 |
| 8:09 | _TieuQuy · wall_segment Palisade Wall x1 |
| 8:12 | _TieuQuy · wall_segment Palisade Wall x1 |
| 8:15 | _TieuQuy · wall_segment Palisade Wall x4 |
| 8:22 | _TieuQuy · wall_segment Palisade Wall x1 |
| 8:51 | _TieuQuy · age_up feudal |
| 9:03 | Pedro · wall_segment Palisade Wall x10 |
| 9:10 | Pedro · wall_segment Palisade Wall x11 |
| 9:16 | _TieuQuy · first_building Stable |
| 9:50 | _TieuQuy · wall_segment Palisade Wall x3 |
| 9:56 | _TieuQuy · wall_segment Palisade Wall x1 |
| 9:56 | _TieuQuy · wall_segment Palisade Wall x1 |
| 10:10 | _TieuQuy · wall_segment Palisade Wall x1 |
| 10:11 | Pedro · wall_segment Palisade Wall x8 |
| 10:32 | Pedro · wall_segment Palisade Wall x2 |
| 10:44 | Pedro · wall_segment Palisade Wall x3 |
| 11:30 | Pedro · age_up feudal |
| 12:20 | _TieuQuy · first_building Archery Range |
| 13:16 | Pedro · first_building Archery Range |
| 13:46 | _TieuQuy · wall_segment Palisade Wall x1 |
| 15:13 | Pedro · wall_segment Palisade Wall x1 |
| 16:54 | Pedro · wall_segment Stone Wall x1 |
| 16:59 | Pedro · first_market_buy 100 food |
| 17:05 | _TieuQuy · wall_segment Palisade Wall x1 |
| 19:39 | Pedro · age_up castle |
| 20:08 | _TieuQuy · wall_segment Palisade Wall x8 |
| 20:17 | _TieuQuy · wall_segment Palisade Wall x5 |
| 20:55 | _TieuQuy · wall_segment Palisade Wall x13 |
| 20:55 | Pedro · first_market_sell 100 wood |
| 21:00 | _TieuQuy · wall_segment Palisade Wall x6 |
| 22:44 | _TieuQuy · age_up castle |
| 24:50 | Pedro · first_building Monastery |
| 26:06 | Pedro · first_building Siege Workshop |
| 26:19 | _TieuQuy · first_building Siege Workshop |
| 29:35 | Pedro · first_building Stable |
| 34:17 | _TieuQuy · first_market_buy 100 food |
| 36:01 | _TieuQuy · first_building Castle |
| 37:52 | Pedro · first_building Castle |
| 42:01 | _TieuQuy · age_up imperial |
| 43:09 | _TieuQuy · wall_segment Palisade Wall x1 |
| 43:18 | Pedro · resign |
[ AI ANALYSIS · 1 CREDIT ]
What really happened in this match?
Wolo.gg analyzes every decision: build order, eco, micro, common mistakes by bracket. Personalized analysis on WhatsApp or Discord in 30 seconds.
Civ guide
Turks
Perfil
Jugador #2593750